 Dungeon Crawl Stone Soup version 0.18.1-47-g9310371 (webtiles) character file.

143764 M4edhros the Fetichist (level 17, 0/98 HPs)
             Began as an Octopode Artificer on June 11, 2016.
             Was a High Priest of Fedhas.
             Slain by a tentacled starspawn (35 damage)
             ... on level 2 of the Abyss on June 13, 2016.
             The game lasted 02:17:26 (40073 turns).

M4edhros the Fetichist (Octopode Artificer)        Turns: 40073, Time: 02:17:27

Health: 0/98       AC:  6    Str:  8    XL:     17   Next: 8%
Magic:  24/29      EV: 21    Int: 12    God:    Fedhas [*****.]
Gold:   2899       SH: 17    Dex: 18    Spells: 4 memorised, 6 levels left

rFire  + . .     SeeInvis .     O - +11 falchion of Dishonesty {flame, rElec Str+3 Int-2}
rCold  x . .     Gourm    +     X - +5 shield
rNeg   . . .     Faith    .     D - +0 hat
rPois  .         Spirit   .     E - amulet of the gourmand
rElec  +         Dismiss  .     x - ring of fire
rCorr  .         Reflect  .     (no ring)
SustAt .         Harm     .     h - +3 ring of protection
MR     +....                    T - ring of wizardry
Stlth  +++++++...               K - ring of flight
                                W - -3 ring of strength (curse)
                                (no ring)
                                (no ring)

@: somewhat resistant to hostile enchantments, extremely stealthy
A: almost no armour, amphibious, 8 rings, constrict 8, tentacle spike 1, thin
metallic scales 1, camouflage 1, blurry vision 1, frail 1, slow regeneration 2,
weak 2, gelatinous body 1, MP-powered wands
a: Evolution, Sunlight, Growth, Reproduction, Rain, Renounce Religion, Evoke
Flight
}: 1/15 runes: decaying


You were on level 2 of the Abyss.
You worshipped Fedhas.
Fedhas was extremely pleased with you.
You were not hungry.

You visited 5 branches of the dungeon, and saw 30 of its levels.
You visited the Abyss 2 times.
You also visited: Ice Cave.

You collected 3114 gold pieces.
You spent 215 gold pieces at shops.

Inventory:

Hand Weapons
 C - a +4 greatsling
 L - the +1 hunting sling "Tyrurac" {venom, MP+9 Int+4 Dex-3}
   (You found it on level 7 of the Dungeon)

   It poisons the ammo it fires.
   It affects your intelligence (+4).
   It affects your dexterity (-3).
   It affects your magic capacity (+9).
 O - the +11 falchion of Dishonesty (weapon) {flame, rElec Str+3 Int-2}
   (You found it on level 4 of the Lair of Beasts)

   It has been specially enchanted to burn those struck by it, causing extra
   injury to most foes and up to half again as much damage against particularly
   susceptible opponents.
   Big, fiery blades are also staple armaments of hydra-hunters.
   It affects your strength (+3).
   It affects your intelligence (-2).
   It insulates you from electricity.
 V - a +0 blowgun
 Z - a +3 rapier
Missiles
 M - 789 stones (quivered)
 N - 195 sling bullets
Armour
 D - a +0 hat (worn)
 G - a +0 buckler of cold resistance
 X - a +5 shield (worn)
Rods
 e - a +4 lightning rod (9/9)
   (You acquired it on level 9 of the Dungeon)
 y - a +2 lightning rod (15/15)
   (You found it on level 4 of the Dungeon)
Jewellery
 a - an uncursed amulet of magic regeneration
 h - a +3 ring of protection (on tentacle)
 x - a ring of fire (left tentacle)
 E - an amulet of the gourmand (around mantle)
 K - a ring of flight (on tentacle)
 S - an uncursed ring of fire
 T - a ring of wizardry (on tentacle)
 W - a cursed -3 ring of strength (on tentacle)
Wands
 b - a wand of slowing (26/48)
 c - a wand of enslavement (8/24)
 j - a wand of paralysis (8/24)
 q - a wand of acid (4/15)
 r - a wand of lightning (12/15)
 t - a wand of iceblast (0/15)
 v - a wand of hasting (0/9)
 z - a wand of disintegration (6/24)
 H - a wand of slowing (29/48)
 J - a wand of lightning (3/15)
 U - a wand of acid (0/15)
Scrolls
 l - a scroll of vulnerability
 o - 2 scrolls of blinking
 s - 4 scrolls of fog
 w - 5 scrolls of magic mapping
 B - a scroll of identify
 P - 4 scrolls of fear
 R - 7 scrolls of teleportation
Potions
 d - a potion of curing
 i - 3 potions of haste
 m - a potion of resistance
 n - 10 potions of lignification
 p - a potion of magic
 u - 3 potions of agility
 I - a potion of cancellation
 Q - 9 potions of might
Miscellaneous
 g - a lamp of fire
 Y - a phial of floods (inert)
Comestibles
 f - 24 bread rations
 k - 19 fruits
 F - 10 beef jerkies


   Skills:
 - Level 8.0 Fighting
 - Level 1.0 Short Blades
 - Level 6.6 Slings
 + Level 11.7 Dodging
 - Level 13.0 Stealth
 * Level 13.9 Shields
 - Level 6.4 Hexes
 - Level 5.5 Air Magic
 - Level 5.3 Poison Magic
 - Level 9.3 Invocations
 * Level 16.6 Evocations


You had 6 spell levels left.
You knew the following spells:

 Your Spells              Type           Power        Failure   Level  Hunger
a - Tukima's Dance        Hex            ###.....     4%          3    ####...
b - Mephitic Cloud        Conj/Pois/Air  #.......     12%         3    ####...
c - Repel Missiles        Chrm/Air       #.....       9%          2    ###....
d - Swiftness             Chrm/Air       #.......     9%          2    ###....


Dungeon Overview and Level Annotations

Branches:
Dungeon (15/15)            Temple (0/1) D:6            Lair (8/8) D:10
  Swamp (4/4) Lair:6        Snake (1/4) Lair:5        Slime (0/6) Lair:7
    Orc (2/2) D:9             Elf (0/3) Orc:2        Vaults (0/5) D:14
 Depths (0/5) D:15

Altars:
Ashenzari
Cheibriados
Dithmenos
Fedhas
Gozag
Makhleb
Ru
Trog
Vehumet
Yredelemnul
Zin

Shops:
D:5 }   D:9 [(   D:10 [   Orc:2 %([*

Annotations:
D:14 exclusion: ice statue
Snake:1 Louise


Innate Abilities, Weirdness & Mutations

You cannot wear most types of armour.
You are amphibious.
You can wear up to eight rings at the same time.
You can use your tentacles to constrict eight enemies at once.
Your skin changes colour to match your surroundings (Stealth).
Your rubbery body absorbs attacks (AC +1).
One of your tentacles bears a spike.
You are partially covered in thin metallic scales (AC +2).
Scrolls take you a little longer to read.
You are frail (-10% HP).
[You do not regenerate naturally when monsters are visible.]
[You are very weak. (Str -4)]
[You expend magic power (3 MP) to strengthen your wands.]


Message History

Evoke which item? (* to show all) (? for menu, Esc to quit)
Zapping:
q - a wand of acid (5/15)
Press: ? - help, Shift-Dir - straight line, f/p - tentacled starspawn
Aim: a tentacled starspawn (moderately damaged, covered in acid)
The bolt of acid hits the tentacled starspawn.
The acid corrodes the tentacled starspawn!
The tentacled starspawn is severely damaged.
This wand has 4 charges left.
You slash the tentacled starspawn! You burn the tentacled starspawn!
The tentacled starspawn is almost destroyed.
The tormentor barely misses you. You block the tormentor's attack.
You block the tentacled starspawn's attack.
The tentacled starspawn engulfs you!
A tormentor comes into view.
You barely miss the tentacled starspawn.
The tentacled starspawn is almost destroyed.
The tormentor calls on the powers of darkness!
Your body is wracked with pain!
The tentacled starspawn bites you!!
You die...
Fedhas appreciates your contribution to the ecosystem. ## #X### #@.# ###2# ##

You could see a tentacled starspawn and a tormentor.

Vanquished Creatures
  A deep elf sorcerer (Abyss:2)
  4 fire dragons
  Josephine (D:12)
  An ice dragon (D:15)
  A rakshasa (D:15)
  3 centaur warriors
  20 hydras
  Erica (D:10)
  2 ghost crabs
  An alligator (Swamp:1)
  A queen ant (Lair:8)
  A death knight (D:15)
  6 death yaks (Lair:8)
  2 tengu warriors (D:13)
  4 naga sharpshooters (Snake:1)
  5 orc high priests (Orc:2)
  A shock serpent (Snake:1)
  A thrashing horror (Abyss:2)
  A fire crab (Swamp:4)
  2 wretched stars (Abyss:2)
  2 spriggans
  An iron troll (D:14)
  A death drake (Abyss:2)
  3 spriggan druids (Swamp:3)
  7 swamp dragons
  An unseen horror (D:11)
  2 lindwurms (Swamp:4)
  4 hill giants
  2 wizards
  A deep elf mage (Orc:2)
  A wolf spider (D:15)
  5 orc knights (Orc:2)
  A phantasmal warrior (D:15)
  An ugly thing (D:12)
  2 hornets (Swamp:3)
  6 orc sorcerers
  2 griffons
  A manticore (D:14)
  3 cyclopes
  7 large abominations (Abyss:2)
  A worldbinder (Abyss:2)
  5 elephants (Lair:8)
  Maurice (Orc:2)
  2 sixfirhies (Abyss:2)
  6 black mambas
  An ice statue (IceCv)
  A smoke demon (Abyss:2)
  19 spiny frogs
  2 torpor snails
  A komodo dragon (shapeshifter) (D:14)
  3 rime drakes
  2 efreet
  4 komodo dragons
  3 ancient zymes (Abyss:2)
  An ice devil (Abyss:2)
  A polar bear (Lair:6)
  4 trolls
  3 giant leeches
  13 blink frogs
  5 slime creatures
  Sigmund (D:3)
  3 shadows
  36 yaks
  6 wraiths
  A basilisk (Lair:8)
  Eustachio (D:4)
  5 vampire mosquitoes
  3 wyverns
  2 steam dragons (Swamp:4)
  6 hippogriffs
  Menkaure (D:5)
  3 hungry ghosts
  21 swamp worms
  4 wargs
  A mottled dragon (Swamp:4)
  6 soldier ants (Lair:8)
  11 nagas
  5 insubstantial wisps
  A water moccasin (shapeshifter) (Abyss:2)
  10 water moccasins
  7 porcupines
  9 swamp drakes
  31 orc warriors
  2 sky beasts
  4 wasps
  3 black bears
  18 ice beasts
  2 phantoms (D:7)
  5 ogres
  3 small abominations (Abyss:2)
  10 wolves
  11 centaurs
  13 crocodiles
  2 big kobolds
  4 wandering mushrooms
  Blork the orc (D:5)
  13 giant frogs
  2 wyvern skeletons
  A scorpion (D:10)
  6 killer bees
  3 electric eels
  The ghost of Freeplumber the Stinger, a weakling DsVM (D:3)
  6 howler monkeys
  A lava snake (Swamp:4)
  3 crimson imps
  2 giant frog skeletons (D:11)
  6 hounds
  2 jellies
  4 quasits
  Crazy Yiuf (D:5)
  28 orc priests
  2 iron imps (Abyss:2)
  22 orc wizards
  5 centaur skeletons
  Terence (D:3)
  4 iguanas
  A hell rat (Lair:4)
  23 worker ants
  24 sheep
  A hound skeleton (D:10)
  4 gnolls
  2 howler monkey skeletons
  7 adders
  71 river rats
  3 shadow imps
  3 oozes
  2 adder skeletons
  2 worms
  2 giant geckos
  85 orcs
  5 giant cockroaches
  24 goblins
  9 hobgoblins
  5 jackals
  4 quokkas
  A ball python (D:1)
  7 bats
  A giant gecko skeleton (D:4)
  5 giant newts
  17 kobolds
  11 rats
  3 ballistomycetes (Orc:2)
877 creatures vanquished.

Vanquished Creatures (collateral kills)
  Jorgrun (Swamp:4)
  A fire dragon (Swamp:4)
  The ghost of kak the Devastator, a journeyman DECj of Sif Muna (Lair:3)
  3 hydras
  2 alligators (Swamp:4)
  2 anacondas (Snake:1)
  3 death yaks (Lair:8)
  A skeletal warrior (D:13)
  A swamp dragon (Swamp:1)
  A griffon (Lair:7)
  2 ugly things
  A hornet (Swamp:2)
  An elephant (Lair:8)
  4 black mambas
  An ice statue (IceCv)
  6 spiny frogs
  2 rime drakes
  5 komodo dragons
  2 two-headed ogres
  A troll (Orc:2)
  A blink frog (Lair:5)
  8 slime creatures
  A boulder beetle (Lair:8)
  2 spriggans
  2 shadows
  A wraith (D:12)
  10 yaks
  2 hungry ghosts (D:12)
  3 vampire mosquitoes (Swamp:2)
  5 hippogriffs
  A steam dragon (Swamp:4)
  5 swamp worms
  16 insubstantial wisps
  A soldier ant (Lair:8)
  2 wargs (Orc:2)
  2 nagas (Snake:1)
  4 porcupines
  6 water moccasins
  4 swamp drakes
  7 orc warriors
  A sky beast (D:7)
  2 phantoms
  2 ice beasts (Orc:2)
  4 ogres
  2 wolves (Lair:5)
  A centaur (D:13)
  3 crocodiles
  A big kobold (D:10)
  A giant frog (D:8)
  A water moccasin skeleton (D:10)
  2 killer bees (D:8)
  A crimson imp (D:13)
  A quasit (D:11)
  12 orc wizards
  A hound (D:8)
  5 orc priests
  An iguana (Lair:5)
  A hell rat (Lair:4)
  3 worker ants (Lair:8)
  6 sheep
  A hound skeleton (D:6)
  Robin (D:2)
  6 gnolls
  2 adders
  5 river rats
  An adder skeleton (D:8)
  17 orcs
  A giant cockroach (D:8)
  A hobgoblin (D:3)
  A goblin (D:2)
  8 kobolds
  8 giant spores
  A hyperactive ballistomycete (Orc:2)
228 creatures vanquished.

Vanquished Creatures (others)
  A thorn hunter (Swamp:4)
  A hydra (Swamp:4)
  A shambling mangrove (Swamp:4)
  2 swamp dragons (Swamp:4)
  A cyclops (D:12)
  2 large abominations (Abyss:2)
  9 bog bodies
  A dancing weapon (Orc:2)
  A steam dragon (Swamp:4)
  An insubstantial wisp (Swamp:2)
  4 swamp worms
  46 wandering mushrooms
  2 small abominations (Abyss:2)
  A necrophage (D:8)
  8 swamp drakes (Swamp:4)
  A wasp (Swamp:2)
  An eye of draining (D:13)
  An ogre (Orc:2)
  A crocodile (D:12)
  2 electric eels (D:12)
  A wasp zombie (D:7)
  A killer bee zombie (D:7)
  A worker ant zombie (D:11)
  12 ballistomycetes
  44 fungi
  8 giant spores
  14 plants
  996 toadstools
1164 creatures vanquished.

Grand Total: 2269 creatures vanquished

Notes
Turn   | Place    | Note
--------------------------------------------------------------
     0 | D:1      | M4edhros the Octopode Artificer began the quest for the Orb.
     0 | D:1      | Reached XP level 1. HP: 13/13 MP: 3/3
   247 | D:3      | Found a burning altar of Makhleb.
   247 | D:3      | Noticed a hound
   258 | D:3      | Killed a hound
   258 | D:3      | Reached XP level 2. HP: 8/18 MP: 4/4
   258 | D:3      | Reached XP level 3. HP: 11/23 MP: 5/5
   272 | D:3      | Noticed Freeplumber's ghost (weakling DsVM)
   278 | D:3      | Killed Freeplumber's ghost
   278 | D:3      | Reached skill level 5 in Stealth
   278 | D:3      | Reached XP level 4. HP: 15/28 MP: 6/6
   612 | D:4      | Found a glowing silver altar of Zin.
   613 | D:4      | Found an opulent altar of Gozag.
   708 | D:4      | Reached XP level 5. HP: 33/33 MP: 7/7
   804 | D:4      | Noticed Eustachio
   815 | D:4      | Killed Eustachio
   815 | D:4      | Reached XP level 6. HP: 29/38 MP: 8/8
   849 | D:4      | Found a bloodstained altar of Trog.
   849 | D:4      | Found a radiant altar of Vehumet.
   850 | D:4      | Found a blossoming altar of Fedhas.
   851 | D:4      | Found a basalt altar of Yredelemnul.
   867 | D:4      | Found a shattered altar of Ashenzari.
   870 | D:4      | Became a worshipper of Fedhas Madash
  1202 | D:1      | Reached * piety under Fedhas
  1734 | D:2      | Noticed Robin
  1767 | D:2      | Reached ** piety under Fedhas
  2013 | D:2      | Killed Robin
  2302 | D:3      | Reached skill level 1 in Invocations
  2340 | D:3      | Noticed Sigmund
  2374 | D:3      | Killed Sigmund
  2374 | D:3      | Reached XP level 7. HP: 45/45 MP: 9/9
  2610 | D:3      | Noticed Terence
  2642 | D:3      | Killed Terence
  3126 | D:5      | Entered Level 5 of the Dungeon
  3138 | D:5      | Noticed Crazy Yiuf
  3142 | D:5      | Killed Crazy Yiuf
  3142 | D:5      | Reached skill level 10 in Stealth
  3155 | D:5      | Got a scorched mace
  3156 | D:5      | Identified the cursed +3 mace of the Trees {crush, Int+4 SInv} (You found it on level 5 of the Dungeon)
  3250 | D:5      | Reached XP level 8. HP: 52/52 MP: 10/10
  3251 | D:5      | Reached *** piety under Fedhas
  3324 | D:5      | Noticed Blork the orc
  3331 | D:5      | Killed Blork the orc
  3556 | D:5      | Reached skill level 4 in Evocations
  3669 | D:5      | Found Koobuol's Quality Used Wands.
  3697 | D:5      | Noticed Menkaure
  3702 | D:5      | Killed Menkaure
  4036 | D:6      | Found a staircase to the Ecumenical Temple.
  4146 | D:6      | Found a sacrificial altar of Ru.
  4186 | D:6      | Reached skill level 5 in Evocations
  4795 | D:7      | Reached XP level 9. HP: 58/58 MP: 13/13
  5089 | D:7      | Found a shadowy altar of Dithmenos.
  5250 | D:7      | Reached skill level 6 in Evocations
  5280 | D:7      | Gained mutation: Your magical capacity is low (-10% MP). [mutagenic meat]
  5281 | D:7      | Gained mutation: Your body sometimes deteriorates upon taking damage. [mutagenic meat]
  5282 | D:7      | Gained mutation: Your magical capacity is very low (-20% MP). [mutagenic meat]
  5283 | D:7      | Gained mutation: You are agile. (Dex +2) [mutagenic meat]
  5284 | D:7      | Gained mutation: You are partially covered in thin metallic scales (AC +2). [mutagenic meat]
  5285 | D:7      | Gained mutation: One of your tentacles bears a spike. [mutagenic meat]
  5531 | D:7      | Reached **** piety under Fedhas
  5745 | D:7      | Got a dazzling hunting sling
  5746 | D:7      | Identified the +1 hunting sling "Tyrurac" {venom, MP+9 Int+4 Dex-3} (You found it on level 7 of the Dungeon)
  6066 | D:7      | Reached skill level 1 in Slings
  6168 | D:7      | Reached skill level 5 in Invocations
  7170 | D:7      | Reached skill level 5 in Dodging
  7428 | D:8      | Reached skill level 7 in Evocations
  7604 | D:8      | Reached skill level 5 in Fighting
  7621 | D:8      | Reached XP level 10. HP: 33/66 MP: 12/12
  8169 | D:9      | Learned a level 3 spell: Tukima's Dance
  8321 | D:9      | Found a snail-covered altar of Cheibriados.
  8357 | D:9      | Found Fefoipliut's Weapon Emporium.
  8359 | D:9      | Found a staircase to the Orcish Mines.
  8373 | D:9      | Found Heet's Armour Emporium.
  8666 | D:9      | Reached ***** piety under Fedhas
  8870 | D:9      | Identified a scroll of acquirement
  8950 | D:10     | Entered Level 10 of the Dungeon
  8950 | D:10     | Found Ozoafia's Antique Armour Boutique.
  8977 | D:10     | Reached skill level 1 in Hexes
  9135 | D:10     | Gained mutation: You are frail (-10% HP). [mutagenic meat]
  9136 | D:10     | Gained mutation: Scrolls take you a little longer to read. [mutagenic meat]
  9137 | D:10     | Lost mutation: You are frail (-10% HP). [mutagenic meat]
  9138 | D:10     | Lost mutation: Your magical capacity is very low (-20% MP). [mutagenic meat]
  9199 | D:10     | Reached skill level 1 in Shields
  9259 | D:10     | Found a staircase to the Lair.
  9291 | D:10     | Reached skill level 8 in Evocations
  9311 | D:10     | Noticed Erica
  9320 | D:10     | Killed Erica
  9859 | D:10     | Reached skill level 5 in Slings
  9912 | D:10     | Noticed a hill giant
  9921 | D:10     | Killed a hill giant
  9921 | D:10     | Reached XP level 11. HP: 70/72 MP: 15/15
 10124 | D:11     | Noticed a hill giant
 10137 | D:11     | Killed a hill giant
 10147 | D:11     | Gained mutation: You are frail (-10% HP). [potion of mutation]
 10155 | D:11     | Noticed an unseen horror
 10165 | D:11     | Killed an unseen horror
 10428 | D:11     | Reached skill level 9 in Evocations
 10766 | D:11     | Noticed a white ugly thing
 10772 | D:11     | Killed a white ugly thing
 10952 | D:11     | Noticed a hill giant
 10968 | D:11     | Killed a hill giant
 10999 | D:11     | Learned a level 3 spell: Mephitic Cloud
 11329 | D:11     | Noticed a four-headed hydra
 11337 | D:11     | Killed a four-headed hydra
 11629 | D:12     | Reached ****** piety under Fedhas
 11700 | D:12     | Killed a cyclops
 11803 | D:12     | Noticed Josephine
 11821 | D:12     | Killed Josephine
 11821 | D:12     | Reached skill level 5 in Shields
 11860 | D:12     | Gained mutation: You have a pair of small antennae on your head. [potion of beneficial mutation]
 11863 | D:12     | Lost mutation: You are agile. (Dex +2) [potion of cure mutation]
 11863 | D:12     | Lost mutation: Scrolls take you a little longer to read. [potion of cure mutation]
 11863 | D:12     | Lost mutation: Your magical capacity is low (-10% MP). [potion of cure mutation]
 11863 | D:12     | Lost mutation: Your body sometimes deteriorates upon taking damage. [potion of cure mutation]
 11987 | D:12     | Noticed a purple ugly thing
 12001 | D:12     | Killed a purple ugly thing
 12001 | D:12     | Reached XP level 12. HP: 70/70 MP: 19/19
 12011 | D:12     | Noticed a centaur warrior
 12025 | D:12     | Killed a centaur warrior
 12144 | D:12     | Reached skill level 10 in Evocations
 12592 | D:13     | Noticed a tengu warrior
 12597 | D:13     | Noticed a tengu warrior
 12609 | D:13     | Killed a tengu warrior
 12611 | D:13     | Killed a tengu warrior
 12622 | D:13     | Gained mutation: [You are weak. (Str -2)] [mutagenic meat]
 12661 | D:13     | Noticed a centaur warrior
 12759 | D:13     | Noticed a six-headed hydra
 12762 | D:13     | Killed a six-headed hydra
 13024 | D:13     | Killed a centaur warrior
 13748 | D:14     | Identified An Early Guide to Theurgy (You found it on level 14 of the Dungeon)
 14110 | D:14     | Noticed an iron troll
 14130 | D:14     | Killed an iron troll
 14130 | D:14     | Reached skill level 11 in Evocations
 14135 | D:14     | Cast into level 2 of the Abyss (a wizard)
 14137 | Abyss:2  | Found a corrupted altar of Lugonu.
 14200 | Abyss:2  | Noticed a large abomination
 14226 | Abyss:2  | Found a corrupted altar of Lugonu.
 14246 | Abyss:2  | Noticed a purple very ugly thing
 14249 | Abyss:2  | Noticed a purple very ugly thing
 14313 | Abyss:2  | Noticed a tentacled starspawn
 14351 | Abyss:2  | Noticed a tentacled starspawn
 14392 | Abyss:2  | Reached XP level 13. HP: 43/74 MP: 21/21
 14416 | Abyss:2  | Noticed a bone dragon
 14572 | Abyss:2  | Found a corrupted altar of Lugonu.
 14584 | Abyss:2  | Noticed a deep elf sorcerer
 14606 | Abyss:2  | Killed a deep elf sorcerer
 14639 | D:14     | Escaped the Abyss
 14692 | D:14     | tough one... got banished xl13 abyss 2
 14693 | D:14     | but, my ingeniuity saved me
 14710 | D:14     | Found a gate to the Vaults.
 14970 | Lair:1   | Entered Level 1 of the Lair of Beasts
 14993 | Lair:1   | Found a burning altar of Makhleb.
 16568 | Lair:2   | Reached skill level 1 in Air Magic
 16853 | Lair:2   | Noticed a fire dragon
 16873 | Lair:2   | Killed a fire dragon
 17258 | Lair:3   | Gained mutation: Scrolls take you a little longer to read. [potion of mutation]
 17258 | Lair:3   | Lost mutation: You have a pair of small antennae on your head. [potion of mutation]
 17270 | Lair:3   | Noticed kak's ghost (journeyman DECj)
 17743 | Lair:3   | Killed kak's ghost
 17743 | Lair:3   | Reached skill level 12 in Evocations
 17846 | Lair:3   | Reached skill level 1 in Poison Magic
 18416 | Lair:4   | Found a runed door.
 19264 | Lair:4   | Reached skill level 5 in Hexes
 19280 | Lair:4   | Got a dazzling falchion
 19757 | Lair:5   | Found a staircase to the Snake Pit.
 19900 | Lair:5   | Reached XP level 14. HP: 54/80 MP: 23/23
 20219 | Lair:5   | Identified the +11 falchion of Dishonesty {flame, rElec Str+3 Int-2} (You found it on level 4 of the Lair of Beasts)
 21516 | Lair:6   | Learned a level 2 spell: Repel Missiles
 21519 | Lair:6   | Learned a level 2 spell: Swiftness
 21710 | Lair:6   | Found a staircase to the Swamp.
 22346 | Lair:7   | Reached skill level 13 in Evocations
 22890 | Lair:7   | Found a staircase to the Slime Pits.
 22977 | Lair:7   | Upgraded the game from 0.18.1-8-gdd0e5ea to 0.18.1-47-g9310371
 23180 | Lair:8   | Entered Level 8 of the Lair of Beasts
 23223 | Lair:8   | Reached skill level 10 in Shields
 23846 | Lair:8   | Reached skill level 5 in Poison Magic
 24407 | Lair:8   | Reached XP level 15. HP: 73/86 MP: 25/25
 25074 | Orc:1    | Entered Level 1 of the Orcish Mines
 25282 | Orc:2    | Entered Level 2 of the Orcish Mines
 25282 | Orc:2    | Found a frozen archway.
 25287 | Orc:2    | Reached skill level 10 in Dodging
 25446 | IceCv    | Entered an ice cave
 26118 | Orc:2    | Reached skill level 5 in Air Magic
 26296 | Orc:2    | Found a staircase to the Elven Halls.
 26606 | Orc:2    | Noticed Maurice
 26616 | Orc:2    | Killed Maurice
 26629 | Orc:2    | Reached skill level 14 in Evocations
 26773 | Orc:2    | Found Koposubb's Weapon Boutique.
 26773 | Orc:2    | Found Xics's Food Boutique.
 26775 | Orc:2    | Found Laly's Assorted Antiques.
 26775 | Orc:2    | Found Mozucuph's Armour Shoppe.
 26796 | Orc:2    | Bought a scroll labeled LUEPROTUAGG for 19 gold pieces
 26796 | Orc:2    | Bought 2 potions of curing for 114 gold pieces
 26810 | Orc:2    | Bought 5 fruits for 82 gold pieces
 28144 | D:15     | Entered Level 15 of the Dungeon
 29672 | D:15     | Found a staircase to the Depths.
 29997 | D:15     | very bad in case of vaults and rings, nothing special except for 2 lightning rods
 29997 | D:15     | im gonna try swamp maybe
 30842 | Swamp:1  | Entered Level 1 of the Swamp
 32239 | Swamp:2  | Reached XP level 16. HP: 46/94 MP: 27/27
 32725 | Swamp:2  | Reached skill level 15 in Evocations
 34160 | Swamp:4  | Entered Level 4 of the Swamp
 35008 | Swamp:4  | Noticed Jorgrun
 35018 | Swamp:4  | Killed Jorgrun
 35076 | Swamp:4  | Noticed a thorn hunter
 36010 | Swamp:4  | Reached skill level 16 in Evocations
 36440 | Swamp:4  | Killed a thorn hunter
 37042 | Swamp:4  | Got a decaying rune of Zot
 37360 | Snake:1  | Entered Level 1 of the Snake Pit
 38867 | Snake:1  | Noticed Louise
 38887 | Snake:1  | Cast into level 2 of the Abyss (Louise)
 39089 | Abyss:2  | Noticed a tentacled starspawn
 39091 | Abyss:2  | Noticed a tentacled starspawn
 39507 | Abyss:2  | Reached XP level 17. HP: 88/98 MP: 29/29
 40069 | Abyss:2  | Noticed a tentacled starspawn
 40073 | Abyss:2  | Slain by a tentacled starspawn

Skill      XL: |  1  2  3  4  5  6  7  8  9 10 11 12 13 14 15 16 |
---------------+-------------------------------------------------+-----
Stealth        | 4 5 6 8 9 10 11 12 13 | 13.0
Invocations    | 1 2 4 5 6 7 8 9 |  9.3
Fighting       | 2 3 4 5 6 8 |  8.0
Dodging        | 3 4 5 6 7 8 9 10 11 | 11.7
Evocations     | 5 7 8 9 11 12 13 14 16 | 16.6
Slings         | 2 5 6 |  6.6
Hexes          | 2 3 4 5 6 |  6.4
Shields        | 2 5 7 9 10 12 13 | 13.9
Air Magic      | 2 4 5 |  5.5
Poison Magic   | 2 5 |  5.3
Short Blades   | |  1.0

Action                   |  1- 3 |  4- 6 |  7- 9 | 10-12 | 13-15 | 16-18 || total
-------------------------+-------+-------+-------+-------+-------+-------++-------
Melee: Short sword       |    10 |     2 |       |       |       |       ||    12
       Tentacles         |     2 |    11 |    30 |    68 |   182 |    70 ||   363
       Constrict         |     1 |    25 |    31 |    53 |   143 |    29 ||   282
       Dagger            |       |    92 |   164 |   305 |   660 |    12 ||  1233
       Kick              |       |       |    22 |    98 |   262 |   113 ||   495
       Falchion          |       |       |       |       |   101 |   263 ||   364
       Rapier            |       |       |       |       |       |    15 ||    15
 Fire: Hunting sling     |       |       |    54 |    35 |   552 |    12 ||   653
       Greatsling        |       |       |       |       |       |    13 ||    13
Throw: Stone             |       |       |       |       |       |     4 ||     4
 Cast: Tukima's Dance    |       |       |       |       |     8 |       ||     8
       Repel Missiles    |       |       |       |       |     2 |       ||     2
Invok: Evolution         |       |     1 |     4 |    11 |    25 |    23 ||    64
       Sunlight          |       |       |     2 |     9 |     9 |     5 ||    25
       Rain              |       |       |       |       |     4 |       ||     4
       Reproduction      |       |       |       |       |     4 |     1 ||     5
Evoke: Wand              |     6 |     1 |     5 |    12 |    52 |    32 ||   108
       Rod               |       |       |     4 |    78 |   208 |   160 ||   450
       Phial of floods   |       |       |       |     2 |     4 |     2 ||     8
       Lamp of fire      |       |       |       |     1 |     2 |     1 ||     4
  Use: Potion            |       |     1 |     2 |    14 |    12 |     9 ||    38
       Scroll            |       |       |    10 |    15 |    23 |     9 ||    57
 Stab: Sleeping          |     2 |    22 |    32 |    47 |    54 |     3 ||   160
       Distracted        |       |     1 |       |     1 |     3 |     3 ||     8
       Confused          |       |       |     2 |     6 |     7 |     8 ||    23
       Paralysed         |       |       |       |       |     2 |    12 ||    14
  Eat: Meat ration       |       |     1 |     1 |     3 |     6 |     6 ||    17
       Chunk             |       |       |    15 |    13 |    16 |       ||    44
       Royal jelly       |       |       |     1 |     1 |     2 |       ||     4
       Pizza             |       |       |       |       |     3 |     2 ||     5
       Beef jerky        |       |       |       |       |     1 |       ||     1
       Bread ration      |       |       |       |       |     1 |       ||     1
Armor: Skin              |       |     6 |    12 |    61 |    61 |    37 ||   177
Dodge: Dodged            |     7 |    35 |   107 |   187 |   482 |   210 ||  1028
       Deflected         |       |       |       |       |     4 |     1 ||     5
Block: Shield            |       |       |       |    91 |   746 |   286 ||  1123
